 Dungeon Crawl Stone Soup version 0.16-a0-4113-g7d8e295 (webtiles) character file.

3786 Qrupt the Slicer (level 10, -10/58 HPs)
             Began as a Halfling Enchanter on Feb 27, 2015.
             Was a Priest of Okawaru.
             Mangled by a boring beetle (23 damage)
             ... on level 9 of the Dungeon on Mar 1, 2015.
             The game lasted 01:00:29 (12251 turns).

Qrupt the Slicer (Halfling Enchanter)              Turns: 12251, Time: 01:00:29

Health: -10/58     AC:  6    Str:  8    XL:     10   Next: 38%
Magic:  16/21      EV: 17    Int: 20    God:    Okawaru [***...]
Gold:   500        SH:  0    Dex: 19    Spells: 5 memorised, 7 levels left

rFire  . . .     SeeInvis .     N - +0 rapier
rCold  . . .     Clarity  .     b - +1 robe
rNeg   . . .     SustAb   .     (no shield)
rPois  .         Gourm    .     k - +1 helmet {Int+3}
rElec  .         Spirit   .     (no cloak)
rCorr  .         Warding  .     (no gloves)
rMut   .         Stasis   .     R - +0 pair of boots
MR     +....                    Q - amulet of rage
Stlth  +++.......               O - +3 ring of intelligence
                                C - ring of protection from magic

@: somewhat resistant to hostile enchantments, fairly stealthy
A: mutation resistance 1
a: Heroism, Renounce Religion, Evoke Berserk Rage


You were on level 9 of the Dungeon.
You worshipped Okawaru.
Okawaru was most pleased with you.
You were very hungry.

You visited 1 branch of the dungeon, and saw 10 of its levels.
You also visited: Sewer.

You collected 500 gold pieces.

Inventory:

Hand weapons
 a - a +1 dagger
 y - a +1 dagger of venom
 N - a +0 rapier (weapon)
Missiles
 u - 18 poisoned needles
 J - 3 needles of sleeping
Armour
 b - a +1 robe (worn)
 k - a +1 helmet of intelligence (worn)
 R - a +0 pair of boots (worn)
Jewellery
 e - an uncursed amulet of faith
 C - a ring of protection from magic (left hand)
 O - a +3 ring of intelligence (right hand)
 Q - an amulet of rage (around neck)
Magical devices
 h - a wand of digging (4)
 x - a wand of cold (12)
 P - a wand of confusion (11)
 S - a wand of polymorph (10)
Scrolls
 l - 2 scrolls of teleportation
 o - 4 scrolls of immolation {unknown}
 p - 4 scrolls of fear {unknown}
 r - a scroll of fog {unknown}
 t - 2 scrolls of recharging {unknown}
 w - a scroll of amnesia {unknown}
 E - 2 scrolls of random uselessness {unknown}
 F - 4 scrolls of magic mapping {unknown}
 H - 4 scrolls of vulnerability {unknown}
 K - 3 scrolls of remove curse {unknown}
 L - 2 scrolls of enchant armour {unknown}
Potions
 j - 3 potions of restore abilities
 m - a potion of cancellation
 q - 4 potions of might
 z - 3 potions of agility
 A - a potion of invisibility {unknown}
 B - a potion of poison {unknown}
 G - a potion of ambrosia {unknown}
 I - 2 potions of brilliance {unknown}
 M - 2 potions of curing
Books
 c - a book of Maledictions

   Spells                             Type                      Level
   a - Corona                         Hexes                        1
   b - Sure Blade                     Hexes/Charms                 2
   c - Ensorcelled Hibernation        Hexes/Ice                    2
   d - Confuse                        Hexes                        3
   e - Dazzling Spray                 Conjuration/Hexes            3
   f - Enslavement                    Hexes                        4
 f - a Young Poisoner's Handbook

   Spells                             Type                      Level
   a - Sting                          Conjuration/Poison           1
   b - Cure Poison                    Poison                       2
   c - Mephitic Cloud                 Conjuration/Poison/Air       3
   d - Olgreb's Toxic Radiance        Poison                       4
   e - Venom Bolt                     Conjuration/Poison           5
 n - a book of Enchantments

   Spells                             Type                      Level
   a - Tukima's Dance                 Hexes                        3
   b - Cause Fear                     Hexes                        4
   c - Silence                        Hexes/Air                    5
   d - Deflect Missiles               Charms/Air                   6
   e - Haste                          Charms                       6
   f - Discord                        Hexes                        8
Comestibles
 d - 10 bread rations
 g - 11 beef jerkies
 i - 7 meat rations
 s - 2 royal jellies


   Skills:
 - Level 1.0 Fighting
 - Level 10.3 Short Blades
 - Level 3.5 Dodging
 - Level 4.0 Stealth
 - Level 4.5 Spellcasting
 - Level 5.1 Conjurations
 - Level 4.8 Hexes
 + Level 6.0 Charms
 - Level 2.0 Ice Magic


You had 7 spell levels left.
You knew the following spells:

 Your Spells              Type           Power        Failure   Level  Hunger
a - Corona                Hex            ###....      1%          1    None
b - Ensorcelled Hibernat  Hex/Ice        ###...       4%          2    #......
c - Sure Blade            Hex/Chrm       ####......   1%          2    #......
d - Dazzling Spray        Conj/Hex       ###.....     6%          3    ##.....
e - Mephitic Cloud        Conj/Pois/Air  ##......     21%         3    ##.....


Dungeon Overview and Level Annotations

Branches:
Dungeon (10/15)            Temple (0/1) D:4             Orc (0/4) D:9
   Lair: D:8-11

Altars:
Ashenzari
Cheibriados
Dithmenos
Elyvilon
Fedhas
Gozag
Kikubaaqudgha
Makhleb
Nemelex Xobeh
Okawaru
Ru
Sif Muna
Trog
Vehumet
Xom
The Shining One

Shops:
D:6 :


Innate Abilities, Weirdness & Mutations

You are small and have problems with some larger weapons.
You are somewhat resistant to further mutation.


Message History

There is a stone staircase leading up here.
Casting: Ensorcelled Hibernation
Confirm with . or Enter, or press ? or * to list all spells.
Aiming: Ensorcelled Hibernation
Press: ? - help, Shift-Dir - straight line, f/p - hill giant
Aim: a hill giant, wielding a giant spiked club (chance 31%)
The hill giant looks drowsy...
You hear a grinding noise. x2
The helpless hill giant fails to defend itself.
You skewer the hill giant like a kebab!!!
The hill giant is severely wounded.
The hill giant closely misses you. The boring beetle bites you.
* * * LOW HITPOINT WARNING * * *
You hear a grinding noise.
You hear a grinding noise. x3
You climb upwards.
There is a stone staircase leading down here.
The boring beetle closely misses you. The hill giant closely misses you.
The boring beetle bites you!!
You die...

############# #########
............# #.......#
............#######.......#
............#.............#
............#.............#
............#.............#
#..........)#.......#######
#..#........#.....C.######
....)...........@B>......#
#.....<#.####.......####.#####
..##...#...........('..#.....#
#.#..#.######.......##.#####.#
######.# #.......##.# #.#
.......# #.......##.# #.#
##################.###.# #.#
...............# #.# #.# #.#
.......#######.###.# #.# ##.#


You could see a hill giant and a boring beetle.

Vanquished Creatures
  A deep elf mage (D:9)
  A wyvern (D:9)
  2 phantoms
  Purgy (Sewer)
  A sky beast (D:5)
  A black bear (D:6)
  6 centaurs
  3 orc warriors
  A necrophage (D:6)
  3 ogres
  Sigmund (D:4)
  A big kobold (D:9)
  3 giant frogs
  A wyvern zombie (D:9)
  2 scorpions
  5 wights
  3 crimson imps
  An orc priest (D:8)
  A centaur zombie (D:5)
  5 hounds
  A centaur skeleton (D:5)
  2 jellies
  A quasit (D:7)
  A giant frog skeleton (D:8)
  An iguana (D:9)
  5 worker ants
  9 orc wizards
  A worker ant zombie (D:9)
  A hound skeleton (D:6)
  Robin (D:3)
  11 adders
  3 shadow imps
  4 worms
  2 adder skeletons
  45 orcs
  2 ball pythons
  A bat skeleton (D:4)
  7 giant cockroaches
  19 hobgoblins
  21 kobolds
  A quokka (D:6)
  21 bats
  4 giant geckos
  5 giant newts
  A giant spore (D:8)
  21 goblins
  11 rats
  A ballistomycete (D:8)
246 creatures vanquished.

Vanquished Creatures (others)
  A bush (D:5)
1 creature vanquished.

Grand Total: 247 creatures vanquished

Notes
Turn   | Place    | Note
--------------------------------------------------------------
     0 | D:1      | Qrupt, the Halfling Enchanter, began the quest for the Orb.
     0 | D:1      | Reached XP level 1. HP: 11/11 MP: 2/2
   252 | D:1      | Reached XP level 2. HP: 17/17 MP: 3/3
   577 | D:1      | Learned a level 2 spell: Ensorcelled Hibernation
   679 | D:2      | Reached skill level 1 in Ice Magic
   689 | D:2      | Reached XP level 3. HP: 6/21 MP: 0/5
   850 | D:2      | Found a shadowy altar of Dithmenos.
  1258 | D:2      | Reached XP level 4. HP: 18/27 MP: 1/6
  1446 | D:3      | Reached skill level 4 in Stealth
  1588 | D:3      | Noticed Robin
  1905 | D:3      | Found a glowing drain.
  1928 | D:3      | Reached XP level 5. HP: 29/31 MP: 0/7
  1936 | Sewer    | Entered a sewer
  2061 | Sewer    | Noticed Purgy
  2097 | Sewer    | Killed Purgy
  2097 | Sewer    | Reached XP level 6. HP: 12/36 MP: 0/9
  2342 | Sewer    | Learned a level 2 spell: Sure Blade
  2448 | D:3      | Found a white marble altar of Elyvilon.
  2455 | D:3      | Found an iron altar of Okawaru.
  2462 | D:3      | Became a worshipper of Warmaster Okawaru
  2587 | D:3      | Found a burning altar of Makhleb.
  2620 | D:3      | Found a glowing golden altar of the Shining One.
  2650 | D:3      | Found a sacrificial altar of Ru.
  2652 | D:3      | Found a bloodstained altar of Trog.
  2798 | D:3      | Killed Robin
  3306 | D:4      | Found a sparkling altar of Nemelex Xobeh.
  3306 | D:4      | Found an opulent altar of Gozag.
  3375 | D:4      | Found a staircase to the Ecumenical Temple.
  3422 | D:4      | Noticed Sigmund
  3443 | D:4      | Reached XP level 7. HP: 28/41 MP: 8/10
  4002 | D:4      | Killed Sigmund
  4002 | D:4      | Reached skill level 5 in Short Blades
  4234 | D:5      | Entered Level 5 of the Dungeon
  4345 | D:5      | Acquired Okawaru's first power
  4351 | D:5      | Reached skill level 6 in Short Blades
  4443 | D:5      | Reached skill level 7 in Short Blades
  4443 | D:5      | Reached XP level 8. HP: 44/46 MP: 8/11
  4490 | D:5      | Reached skill level 1 in Fighting
  4822 | D:5      | Found a radiant altar of Vehumet.
  5188 | D:5      | Upgraded the game from 0.16-a0-4112-g89a4107 to 0.16-a0-4113-g7d8e295
  5302 | D:5      | Found a shimmering altar of Xom.
  5441 | D:5      | HP: 2/48 [orc/flail (8)]
  6385 | D:6      | Learned a level 3 spell: Dazzling Spray
  6387 | D:6      | Found a shattered altar of Ashenzari.
  6767 | D:7      | Reached skill level 1 in Conjurations
  6767 | D:7      | Reached XP level 9. HP: 37/53 MP: 11/20
  7924 | D:6      | HP: 1/53 [wight/halberd of chopping (2)]
  8857 | D:6      | Reached skill level 5 in Conjurations
  8902 | D:6      | Found Kiegihal's Book Boutique.
  9424 | D:6      | Reached skill level 8 in Short Blades
  9495 | D:7      | Learned a level 3 spell: Mephitic Cloud
  9558 | D:7      | Found a blossoming altar of Fedhas.
  9637 | D:7      | Found a snail-covered altar of Cheibriados.
  9988 | D:7      | Found a deep blue altar of Sif Muna.
 10077 | D:8      | Reached skill level 9 in Short Blades
 10158 | D:8      | Found a radiant altar of Vehumet.
 10453 | D:8      | Reached XP level 10. HP: 58/58 MP: 18/21
 10462 | D:8      | Reached skill level 10 in Short Blades
 11052 | D:9      | Found a staircase to the Orcish Mines.
 11515 | D:9      | Reached skill level 5 in Charms
 11731 | D:9      | Found an ancient bone altar of Kikubaaqudgha.
 11794 | D:10     | Entered Level 10 of the Dungeon
 12187 | D:10     | Noticed a hill giant
 12251 | D:9      | Mangled by a boring beetle

Action                   |  1- 3 |  4- 6 |  7- 9 | 10-12 || total
-------------------------+-------+-------+-------+-------++-------
Melee: Dagger            |   126 |   201 |   593 |       ||   920
       Rapier            |       |       |    79 |   194 ||   273
 Cast: Ensorcelled Hiber |     5 |    19 |    52 |    23 ||    99
       Corona            |     1 |       |     9 |     2 ||    12
       Sure Blade        |       |     1 |    13 |     1 ||    15
       Dazzling Spray    |       |       |    22 |       ||    22
Evoke: Wand              |       |       |     8 |       ||     8
  Use: Scroll            |       |     5 |     3 |     4 ||    12
       Potion            |       |       |     5 |     1 ||     6
 Stab: Sleeping          |     6 |    18 |    29 |    10 ||    63
  Eat: Chunk             |     1 |     8 |    17 |     5 ||    31
       Fruit             |       |     1 |     8 |       ||     9
       Beef jerky        |       |       |     1 |     1 ||     2
       Pizza             |       |       |     1 |       ||     1
